Map: King Sejong Station LE

Players

jabeb

  • Race: Zerg Zerg
  • League: Gold

Nickos - Winner!

  • Race: Terran Terran
  • League: Gold

VOD

Have the link to the VOD?

Description

Time

  • Played on: Oct. 2, 2016, 6:52 a.m.
  • Length: 8:21
Show
View Real Time Build Order
Export as new Build Order

jabeb Zerg 

Build Orders: Hatch First 

Get SALT Encoding   

  12  0:07  Overlord  
  12  0:15  Drone  
  12  0:17  Drone  
  14  0:26  Drone  
  15  0:35  Drone  
  16  0:41  Drone  
  17  0:58  Drone  
  17  1:02  Drone, Hatchery  
  18  1:16  Spawning Pool  
  17  1:20  Drone, Extractor  
  17  1:28  Drone  
  18  1:34  Drone  
  19  1:45  Drone  
  20  1:56  Drone  
  21  2:08  Overlord  
  21  2:13  Queen  
  21  2:14  Queen  
  25  2:16  Drone  
  25  2:18  Zergling x2  
  27  2:26  Drone  
  28  2:36  Drone  
  29  2:37  Drone  
  29  2:38  Metabolic Boost  
  29  2:40  Drone  
  31  2:50  Zergling x4  
  33  3:06  Drone  
  33  3:07  Drone  
  35  3:13  Hatchery  
  34  3:24  Drone  
  34  3:25  Drone  
  36  3:29  Overlord x2  
  36  3:31  Roach Warren  
  35  3:50  Drone x4  
  35  3:51  Drone x2  
  35  3:53  Spore Crawler  
  40  3:59  Queen  
  42  4:06  Overlord x2  
  42  4:08  Spore Crawler  
  41  4:12  Baneling Nest  
  41  4:15  Drone x5  
  41  4:16  Drone x3  
  47  4:27  Extractor  
  47  4:30  Drone  
  47  4:31  Drone x3  
  50  4:32  Queen  
  52  4:43  Lair  
  52  4:47  Overlord x2  
  52  4:48  Roach  
  52  4:49  Roach x2  
  58  4:57  Extractor  
  57  5:01  Baneling x5  
  57  5:11  Queen  
  57  5:14  Spore Crawler, Drone  
  58  5:15  Drone x8  
  58  5:16  Drone  
  68  5:42  Drone x3  
  71  5:43  Drone x5  
  76  5:50  Extractor  
  76  5:51  Extractor  
  74  6:04  Spire  
  74  6:08  Pneumatized Carapace  
  72  6:18  Evolution Chamber  
  71  6:22  Roach  
  71  6:23  Roach x8  
  88  6:31  Zergling x4  
  90  6:33  Overseer  
  90  7:07  Overlord x4  
  80  7:16  Zergling x12  
  80  7:17  Zergling x12  
  80  7:18  Zergling x6  
  78  7:28  Mutalisk x2  
  78  7:29  Mutalisk x2  
  86  7:30  Mutalisk  
  63  7:44  Mutalisk  
  63  7:45  Roach  
  67  7:53  Roach x3  
Show
View Real Time Build Order
Export as new Build Order

Nickos Terran - Winner!

Build Orders:  

Get SALT Encoding   

  12  0:01  SCV  
  13  0:13  SCV  
  14  0:17  Supply Depot  
  14  0:25  SCV  
  15  0:39  SCV  
  15  0:40  Barracks  
  16  0:51  SCV  
  17  1:03  SCV  
  18  1:15  SCV  
  19  1:19  Command Center  
  19  1:28  Orbital Command  
  19  1:31  Marine  
  20  1:39  Supply Depot  
  20  1:49  Marine  
  20  1:53  Barracks  
  21  1:56  SCV  
  22  2:08  Barracks  
  22  2:11  Marine  
  22  2:12  SCV  
  24  2:17  Refinery  
  24  2:20  Refinery  
  24  2:25  SCV  
  25  2:33  Orbital Command  
  25  2:35  Marine  
  26  2:38  SCV  
  26  2:41  Marine  
  28  2:53  SCV  
  28  2:54  Marine  
  28  2:57  Barracks Tech Lab  
  29  3:05  SCV  
  30  3:08  Marine  
  30  3:09  SCV  
  32  3:17  Stimpack  
  32  3:18  Marine x2  
  34  3:29  Bunker  
  34  3:30  SCV x2  
  37  3:36  Factory  
  37  3:37  Barracks Reactor  
  36  3:47  Marine  
  37  3:49  Barracks Reactor  
  37  3:54  SCV x2  
  38  3:59  Supply Depot  
  38  4:08  Supply Depot  
  38  4:09  SCV  
  39  4:10  SCV  
  39  4:13  Marine x2  
  39  4:14  Marine  
  43  4:25  Marine, SCV x2  
  43  4:26  Marine  
  43  4:29  Factory Reactor  
  43  4:30  Starport  
  43  4:31  Marine  
  47  4:34  Marine x2  
  47  4:37  SCV x2  
  52  4:40  Supply Depot  
  52  4:41  Supply Depot  
  52  4:43  Marine  
  52  4:44  Marine  
  54  4:50  Marine  
  54  4:51  Engineering Bay x2  
  54  4:55  Bunker  
  54  4:57  Marine x2  
  54  4:58  SCV  
  54  4:59  SCV  
  58  5:09  Barracks  
  58  5:10  SCV  
  58  5:11  SCV  
  60  5:19  Marine x4  
  60  5:20  Marine  
  65  5:23  SCV x2  
  65  5:24  Terran Infantry Weapons Level 1  
  67  5:31  Medivac  
  67  5:34  Medivac  
  71  5:36  SCV x2  
  71  5:41  Supply Depot  
  73  5:44  Supply Depot, Marine  
  73  5:48  SCV x2  
  76  5:50  Terran Infantry Armor Level 1  
  75  6:00  Marine x3  
  75  6:03  Marauder, Marine  
  81  6:09  Bunker, Marine  
  81  6:14  Medivac x2  
  81  6:18  Marine x3  
  87  6:24  Marine  
  89  6:26  Barracks  
  89  6:28  Barracks  
  88  6:37  Marine x2  
  88  6:38  Marine x2  
  92  6:42  Marine  
  93  6:53  Barracks Tech Lab  
  93  6:55  Marine  
  93  6:57  Medivac, Supply Depot, Marine  
  93  6:58  Supply Depot  
  97  7:11  Command Center  
  95  7:19  Marine x3  
  95  7:20  Barracks Tech Lab  
  95  7:21  Barracks Reactor  
  95  7:22  Marauder x2  
  99  7:39  Marine x3  
  99  7:40  Marauder  
  99  7:43  Marauder  
  99  7:44  Marauder  
  106  7:56  Marine x3  
  106  7:58  Marine x3  
  106  8:01  Supply Depot  
  106  8:03  Supply Depot  
Tags
 
Add a new tag
Caveats
  • Supply blocks, unpowered buildings, or Contaminate may cause inaccurate times.
  • Supply counts are checked every 10 seconds.